 Dungeon Crawl Stone Soup version 0.18-a0-1730-g73f0523 (webtiles) character file.

146 4thArraOfDagon the Chopper (level 5, 0/47 HPs)
             Began as a Hill Orc Berserker on Apr 10, 2016.
             Was a Follower of Trog.
             Slain by a scorpion (5 damage)
             ... on level 6 of the Dungeon.
             The game lasted 00:01:44 (439 turns).

4thArraOfDagon the Chopper (Hill Orc Berserker)      Turns: 439, Time: 00:01:45

Health: 0/47       AC:  2    Str: 21    XL:     5   Next: 28%
Magic:  5/5        EV: 12    Int: 12    God:    Trog [*.....]
Gold:   73         SH:  0    Dex: 10    Spells: 0 memorised, 4 levels left

rFire  . . .     SeeInvis .     i - +0 war axe (curse)
rCold  . . .     Gourm    .     b - +0 animal skin
rNeg   . . .     Faith    .     (no shield)
rPois  .         Spirit   .     (no helmet)
rElec  .         Dismiss  .     (no cloak)
rCorr  .         Reflect  .     (no gloves)
SustAt .         Harm     .     (no boots)
MR     .....                    (no amulet)
Stlth  +.........               (no ring)
                                (no ring)

@: brilliant, exhausted, slowed, very slow, not resistant to hostile
enchantments, very unstealthy
A: no striking features
a: Berserk, Burn Spellbooks, Renounce Religion


You were on level 6 of the Dungeon.
You worshipped Trog.
Trog was aware of your devotion.
You were not hungry.

You visited 1 branch of the dungeon, and saw 5 of its levels.

You collected 73 gold pieces.

Inventory:

Hand Weapons
 i - a cursed +0 war axe (weapon)
Armour
 b - a +0 animal skin (worn)
Wands
 e - a wand of flame (18/48)
 l - a wand of lightning (5/15)
Scrolls
 a - a scroll of remove curse {unknown}
 d - a scroll of blinking {unknown}
 j - a scroll of random uselessness {unknown}
Comestibles
 c - 2 bread rations


   Skills:
 + Level 4.5 Fighting
 * Level 6.2 Axes
 + Level 3.4 Armour
 - Level 1.5 Dodging


You had 4 spell levels left.
You didn't know any spells.

Dungeon Overview and Level Annotations

Branches:
Dungeon (6/15)
 Temple: D:4-7

Altars:

Annotations:
D:5 Eustachio


Message History

You are no longer berserk.
You are exhausted.
You feel yourself slow down.
You are near starving!
Eat which item? (? for menu, Esc to quit)
That beef jerky was delicious!
Your magical contamination has completely faded away.
Unknown command.
Drink which item? (? for menu, Esc to quit)
It was a potion of brilliance.
You feel clever all of a sudden. The scorpion stings you!
* * * LOW HITPOINT WARNING * * *
Unknown command.
Read which item? (? for menu, Esc to quit)
Okay, then.
The scorpion stings you.
* * * LOW HITPOINT WARNING * * *
The scorpion stings you.
You die...

**,*
#............#
*,,*
#............#
*,,**
##..........##
,,,,* ##........##
,,*,* #........#
,,*,* #.#......#
,,*,* #.##.....#
,**,* ##......s.#
,.#,**##........@#
,...,,,..........#
**#..**#.........#
###..###.........#
..........P......#
*#.....8..P......#
,,.#.##..8.....###
***#......8....# *
#...........##


You could see a scorpion.

Vanquished Creatures
  An ice beast (D:6)
  A worker ant (D:6)
  An adder (D:6)
  A howler monkey skeleton (D:6)
  2 bats (D:2)
  A hobgoblin (D:2)
  2 jackals (D:1)
  A kobold (D:2)
  2 goblins (D:2)
  A rat (D:2)
13 creatures vanquished.

Notes
Turn   | Place    | Note
--------------------------------------------------------------
     0 | D:1      | 4thArraOfDagon the Hill Orc Berserker began the quest for the Orb.
     0 | D:1      | Reached XP level 1. HP: 19/19 MP: 1/1
    73 | D:2      | Reached XP level 2. HP: 21/27 MP: 2/2
   278 | D:2      | You fall through a shaft for 2 floors!
   300 | D:5      | Entered Level 5 of the Dungeon
   300 | D:5      | Noticed a crimson imp
   301 | D:5      | Noticed Eustachio
   302 | D:5      | Noticed an ogre
   319 | D:6      | Reached skill level 5 in Axes
   319 | D:6      | Reached XP level 3. HP: 32/33 MP: 3/3
   329 | D:6      | :)
   330 | D:6      | Noticed a scorpion
   417 | D:6      | Noticed an ice beast
   426 | D:6      | Killed an ice beast
   426 | D:6      | Reached skill level 6 in Axes
   426 | D:6      | Reached XP level 4. HP: 16/41 MP: 4/4
   426 | D:6      | Reached XP level 5. HP: 19/47 MP: 5/5
   439 | D:6      | Slain by a scorpion

Vault maps used:
D:1:      tarquinn_simple_flora_water_d, kennysheep_small_spiral
D:4:      led_sif_pool, lemuel_zombie_altar_yredelemnul,
          minmay_temple_entry_crystal_x
D:5:      grunt_temple_overflow_gold_and_silver,
          nicolae_ru_great_annihilating_truth, kennysheep_mini,
          gammafunk_temple_overflow_wave, first_bread, serial_shops, shop,
          uniq_eustachio
D:6:      serial_undead, serial_undead_a, serial_undead_a, serial_undead_c,
          serial_undead_f, serial_undead_c, serial_undead_c, serial_undead_e,
          portal_sewer_entry_f

Skill      XL: |  1  2  3 |
---------------+----------+-----
Axes           | 5 6 |  6.2
Fighting       | 4 |  4.5
Armour         | 3 |  3.4
Dodging        | |  1.5

Action                   |  1- 3 |  4- 6 || total
-------------------------+-------+-------++-------
Melee: Hand axe          |    33 |       ||    33
       War axe           |    11 |       ||    11
Invok: Berserk           |     3 |       ||     3
  Use: Potion            |     2 |     1 ||     3
       Scroll            |     2 |       ||     2
 Stab: Sleeping          |     1 |       ||     1
  Eat: Beef jerky        |       |     1 ||     1
